[Event "Titled Tuesday Blitz July 11 Early 2023"]
[White "Mishra, Manoj"]
[Black "tomobeast"]
[WhiteFideId "5006007"]
[WhiteElo "2183"]
[BlackElo "2251"]
[Result "1-0"]
[Round "10"]
[TimeControl "180+2"]
[Date "2023.07.11"]
[WhiteClock "0:02:10"]
[BlackClock "0:01:43"]
[Board "144"]

1. d4 Nf6 2. Bf4 d5 3. Nc3 Bf5 4. e3 e6 5. f3 Bd6 6. g4 Bg6 7. h4 h5 8. g5 Bxf4 9. exf4 Nfd7 10. Bd3 c5 11. Bxg6 fxg6 12. Qd3 Kf7 13. O-O-O Qc7 14. Nb5 Qxf4+ 15. Kb1 a6 16. Ne2 Qf5 17. Nd6+ Ke7 18. Nxf5+ gxf5 19. dxc5 Nxc5 20. Qa3 Nc6 21. Qxc5+ 1-0


[Site "https://www.chess.com"]

[Event "Titled Tuesday Blitz July 11 Early 2023"]
[White "Lohani, Sujana"]
[Black "Sarkar, Justin"]
[WhiteFideId "12311987"]
[BlackFideId "2010011"]
[WhiteElo "1935"]
[BlackElo "2249"]
[Result "0-1"]
[Round "10"]
[TimeControl "180+2"]
[Date "2023.07.11"]
[WhiteClock "0:00:08"]
[BlackClock "0:00:04"]
[Board "145"]

1. d4 Nf6 2. Nf3 e6 3. c4 c5 4. g3 cxd4 5. Nxd4 Qb6 6. Bg2 Bb4+ 7. Nc3 a6 8. O-O Nc6 9. e3 O-O 10. Ne4 Be7 11. b3 d5 12. cxd5 Nxd5 13. Bb2 Bd7 14. Rc1 Rac8 15. Nxc6 Rxc6 16. Qd4 Qxd4 17. Bxd4 Rfc8 18. Rxc6 Rxc6 19. Rd1 Rc2 20. a3 Bxa3 21. h4 f6 22. Bh3 Kf7 23. Ra1 Bb4 24. Rb1 Bc6 25. Bg4 Bb5 26. Bd1 Rc6 27. Bf3 Rc7 28. h5 Bd3 29. Rd1 Bc2 30. Rc1 Bxb3 31. Rb1 Bc2 32. Rc1 Ba3 33. Ra1 Be7 34. Nd6+ Bxd6 35. Ra2 Bb3 36. Rb2 Bc4 37. e4 Nb4 38. e5 fxe5 39. Be3 Nd3 40. Be4 Bd5 41. Bxd5 exd5 42. Rd2 e4 43. f3 a5 44. fxe4 dxe4 45. Bd4 Bc5 46. Bxc5 Rxc5 47. Kg2 Ke6 48. Kh3 Ke5 49. Kg4 a4 50. Kg5 a3 51. h6 gxh6+ 52. Kxh6 Ra5 53. Kxh7 a2 54. g4 a1=Q 55. g5 Qh1+ 56. Kg7 Nf4 57. g6 Ne6+ 58. Kg8 Qh6 59. Rg2 Qg7# 0-1


[Site "https://www.chess.com"]

[Event "Titled Tuesday Blitz July 11 Early 2023"]
[White "Ho, In Hei Henry"]
[Black "Liu, Casper"]
[WhiteFideId "6002552"]
[BlackFideId "1454153"]
[WhiteElo "2139"]
[BlackElo "2489"]
[Result "0-1"]
[Round "10"]
[TimeControl "180+2"]
[Date "2023.07.11"]
[WhiteClock "0:00:00"]
[BlackClock "0:00:50"]
[Board "146"]

1. e4 g5 2. d4 h6 3. Nc3 Bg7 4. Bc4 a6 5. Be3 b5 6. Bd3 Bb7 7. f3 Nc6 8. Nce2 d5 9. Nh3 Nb4 10. Nf2 e5 11. c3 Nxd3+ 12. Qxd3 dxe4 13. fxe4 Nf6 14. d5 O-O 15. O-O c6 16. d6 Nd7 17. c4 Qf6 18. c5 Qg6 19. b4 f5 20. Bd2 f4 21. Kh1 g4 22. Ng1 Qh5 23. h3 Nf6 24. Qe2 Bc8 25. Bc3 Qh4 26. Qb2 Nh5 27. Bxe5 Ng3+ 28. Kh2 Nxf1+ 29. Rxf1 g3+ 30. Kh1 Bxe5 31. Qxe5 gxf2 32. Nf3 Qf6 33. Qh5 Ra7 34. e5 Qf5 35. Qxf5 Rh7 36. Rxf2 Bxf5 37. Re2 Be6 38. Nd4 Bc4 39. Re4 Bd5 40. Re1 Rg7 41. Re2 f3 42. gxf3 Rxf3 43. Nxf3 Bxf3+ 44. Kh2 Bxe2 45. e6 Kf8 46. d7 Ke7 0-1


[Site "https://www.chess.com"]

[Event "Titled Tuesday Blitz July 11 Early 2023"]
[White "Adla, Diego"]
[Black "Hernandez Bermudez, Ulises Eduardo"]
[WhiteFideId "100072"]
[BlackFideId "3902510"]
[WhiteElo "2469"]
[BlackElo "2137"]
[Result "0-1"]
[Round "10"]
[TimeControl "180+2"]
[Date "2023.07.11"]
[WhiteClock "0:00:15"]
[BlackClock "0:01:28"]
[Board "147"]

1. e4 e6 2. d4 d5 3. Nd2 dxe4 4. Nxe4 Nd7 5. Nf3 Be7 6. Bd3 Ngf6 7. O-O O-O 8. Bg5 Nxe4 9. Bxe7 Qxe7 10. Bxe4 Nf6 11. Bd3 Rd8 12. c3 c5 13. Qc2 b6 14. Ng5 h6 15. Nf3 Bb7 16. Be2 Rac8 17. dxc5 Qxc5 18. Rad1 Rd5 19. Nd4 Rxd4 20. Rxd4 Qxd4 21. Rd1 Qe4 22. Qxe4 Bxe4 23. Bd3 Rd8 24. Be2 Rxd1+ 25. Bxd1 Bd5 26. g3 Bxa2 27. Kf1 Bc4+ 28. Kg2 Nd5 29. Kf3 a5 30. Ke4 b5 31. Kd4 Bf1 32. b3 Kf8 33. Bc2 Ke7 34. Bd1 Kd6 35. f4 f6 36. c4 bxc4 0-1


[Site "https://www.chess.com"]

[Event "Titled Tuesday Blitz July 11 Early 2023"]
[White "Kuchava, Ana"]
[Black "Horokoskii"]
[WhiteFideId "13605348"]
[WhiteElo "2239"]
[BlackElo "2133"]
[Result "1-0"]
[Round "10"]
[TimeControl "180+2"]
[Date "2023.07.11"]
[WhiteClock "0:00:45"]
[BlackClock "0:00:01"]
[Board "148"]

1. d4 Nf6 2. Nf3 g6 3. c4 Bg7 4. Nc3 O-O 5. e4 d6 6. Be2 Nbd7 7. O-O c6 8. Re1 e5 9. Bf1 Re8 10. d5 c5 11. a3 Nh5 12. Qc2 Rf8 13. b4 f5 14. Bg5 Bf6 15. Bxf6 Qxf6 16. Nb5 a6 17. Nc7 Rb8 18. Ne6 Rf7 19. bxc5 Nxc5 20. Nxc5 dxc5 21. Qc3 fxe4 22. Rxe4 Bf5 23. Rxe5 Re7 24. Rae1 Rxe5 25. Qxe5 Rd8 26. Qxf6 Nxf6 27. Re7 Rd7 28. Re1 Be4 29. Ng5 Bf5 30. f3 h6 31. Ne6 b6 32. Kf2 Kf7 33. g4 Bc2 34. Rc1 Ba4 35. Bd3 g5 36. Bf5 Rd6 37. Nc7 b5 38. cxb5 axb5 39. Rxc5 Nxd5 40. Nxd5 1-0


[Site "https://www.chess.com"]

[Event "Titled Tuesday Blitz July 11 Early 2023"]
[White "Palacio,Igor Da Paz"]
[Black "Roque Sola, Jose Luis"]
[WhiteFideId "2121140"]
[BlackFideId "5120390"]
[WhiteElo "2195"]
[BlackElo "2129"]
[Result "1-0"]
[Round "10"]
[TimeControl "180+2"]
[Date "2023.07.11"]
[WhiteClock "0:01:47"]
[BlackClock "0:00:13"]
[Board "149"]

1. e4 e6 2. d4 d5 3. Nd2 c5 4. c3 cxd4 5. cxd4 Nc6 6. Ngf3 Nf6 7. Bd3 dxe4 8. Nxe4 Be7 9. h4 Nd5 10. a3 a6 11. O-O O-O 12. Re1 Bxh4 13. Nxh4 Qxh4 14. Bg5 1-0


[Site "https://www.chess.com"]

[Event "Titled Tuesday Blitz July 11 Early 2023"]
[White "campochess"]
[Black "Larina, Maria"]
[BlackFideId "24113182"]
[WhiteElo "2115"]
[BlackElo "2190"]
[Result "0-1"]
[Round "10"]
[TimeControl "180+2"]
[Date "2023.07.11"]
[WhiteClock "0:00:10"]
[BlackClock "0:00:35"]
[Board "150"]

1. e4 c6 2. d4 d5 3. exd5 cxd5 4. c4 Nf6 5. Nc3 e6 6. Bg5 Bb4 7. Bxf6 Qxf6 8. Nf3 Nc6 9. cxd5 exd5 10. Bb5 O-O 11. O-O Bg4 12. Nxd5 Qd6 13. Bxc6 bxc6 14. Nxb4 Qxb4 15. Qd2 Qd6 16. Ne5 Be6 17. Rfd1 Rfd8 18. Qa5 Bd5 19. Qc5 Qf6 20. Rd3 Rab8 21. b3 Rb7 22. Rg3 h5 23. h3 h4 24. Rg4 Be6 25. Rd1 Bxg4 26. hxg4 Rd6 27. g5 Qe6 28. Rd3 Rb5 29. Qc4 Rxe5 30. dxe5 Qxc4 31. Rxd6 Qc1+ 32. Kh2 Qf4+ 33. Kg1 Qxe5 34. Rxc6 Qxg5 35. Rc8+ Kh7 36. Rc7 h3 37. g3 Qd5 38. f3 Qxf3 39. Rc2 Qxg3+ 40. Kh1 Qe1+ 41. Kh2 Qe5+ 42. Kg1 Qg5+ 43. Kf1 Qf5+ 44. Rf2 Qb1+ 45. Ke2 Qxa2+ 46. Kf1 Qb1+ 47. Ke2 Qe4+ 48. Kd2 Qd4+ 49. Ke2 Qg4+ 0-1


[Site "https://www.chess.com"]

[Event "Titled Tuesday Blitz July 11 Early 2023"]
[White "Ismayilova, Khanim"]
[Black "Lisjak, Zlatko"]
[WhiteFideId "13429019"]
[BlackFideId "14502186"]
[WhiteElo "2029"]
[BlackElo "2158"]
[Result "1-0"]
[Round "10"]
[TimeControl "180+2"]
[Date "2023.07.11"]
[WhiteClock "0:00:24"]
[BlackClock "0:00:02"]
[Board "151"]

1. c4 d6 2. d4 e5 3. dxe5 dxe5 4. Qxd8+ Kxd8 5. Bg5+ f6 6. Be3 Be6 7. Nd2 c6 8. O-O-O Kc7 9. Ngf3 Nd7 10. g3 Nh6 11. Bg2 Ng4 12. b3 a5 13. Nf1 Ba3+ 14. Kc2 Bf5+ 15. Kc3 b5 16. h3 Nxe3 17. Nxe3 Be4 18. Nxe5 Bxg2 19. Rxd7+ Kc8 20. Nxg2 fxe5 21. Rxg7 Bc5 22. Rd1 Bd4+ 23. Kc2 a4 24. e3 axb3+ 25. Kxb3 Bb6 26. cxb5 cxb5 27. Rd5 Rf8 28. Rxb5 Rxf2 29. Rxb6 Rxg2 30. Rf6 Rb8+ 31. Kc3 Rf2 32. Rxf2 Kd8 33. Rf8# 1-0


[Site "https://www.chess.com"]

[Event "Titled Tuesday Blitz July 11 Early 2023"]
[White "Vila Dupla, Aurelio"]
[Black "Navyblue1"]
[WhiteFideId "2203383"]
[WhiteElo "2140"]
[BlackElo "1779"]
[Result "0-1"]
[Round "10"]
[TimeControl "180+2"]
[Date "2023.07.11"]
[WhiteClock "0:00:00"]
[BlackClock "0:00:09"]
[Board "152"]

1. Nf3 c5 2. c4 Nf6 3. Nc3 Nc6 4. d4 cxd4 5. Nxd4 d6 6. e4 Bd7 7. Be2 g6 8. Be3 Bg7 9. O-O O-O 10. f3 Rc8 11. Qd2 Re8 12. Rfc1 Qa5 13. a3 Ne5 14. b4 Qd8 15. Nd5 b6 16. Rab1 Nc6 17. Nc3 Nh5 18. Ncb5 a6 19. Nxc6 Bxc6 20. Nd4 Bb7 21. Rd1 Nf6 22. Nb3 Nd7 23. Rbc1 Qc7 24. c5 bxc5 25. bxc5 Nxc5 26. Nxc5 dxc5 27. Rxc5 Qb8 28. Rb1 Rxc5 29. Bxc5 Qa8 30. Qb4 Bc6 31. Bxe7 Be5 32. Bc5 Bc7 33. Kh1 Be5 34. Bd6 Bxd6 35. Qxd6 Rd8 36. Qc5 Rc8 37. Qe7 Re8 38. Qf6 Re6 39. Qf4 Re8 40. Bc4 Rf8 41. Rd1 Bb5 42. Bd5 Bc6 43. Bxc6 Qxc6 44. h3 Qc3 45. Qd6 a5 46. Qd3 Qxd3 47. Rxd3 Rb8 48. Rd5 Ra8 0-1


[Site "https://www.chess.com"]

[Event "Titled Tuesday Blitz July 11 Early 2023"]
[White "Hartikainen, Jarmo"]
[Black "Cardenas Carbajal, Nilson"]
[WhiteFideId "503134"]
[BlackFideId "8401128"]
[WhiteElo "2134"]
[BlackElo "2135"]
[Result "0-1"]
[Round "10"]
[TimeControl "180+2"]
[Date "2023.07.11"]
[WhiteClock "0:00:13"]
[BlackClock "0:00:40"]
[Board "153"]

1. e4 e5 2. Nf3 Nc6 3. Bc4 Nf6 4. Ng5 d5 5. exd5 Na5 6. Bb5+ c6 7. dxc6 bxc6 8. Bd3 Nd5 9. Nf3 Bd6 10. O-O O-O 11. Re1 Bg4 12. h3 Bxf3 13. Qxf3 f5 14. b4 e4 15. Bxe4 fxe4 16. Qxe4 Bxb4 17. Bb2 Bd6 18. Qg4 Qc7 19. Nc3 Qf7 20. Nxd5 cxd5 21. Re2 Nc4 22. Bc3 Bc5 23. Rf1 Rae8 24. Kh1 Rxe2 25. Qxe2 Nd6 26. d3 Nf5 27. Qg4 Ne3 28. Rb1 Nxg4 0-1


[Site "https://www.chess.com"]

[Event "Titled Tuesday Blitz July 11 Early 2023"]
[White "Guzman Moneo, Alberto"]
[Black "Goughfather"]
[WhiteFideId "2209616"]
[WhiteElo "2416"]
[BlackElo "2021"]
[Result "1-0"]
[Round "10"]
[TimeControl "180+2"]
[Date "2023.07.11"]
[WhiteClock "0:01:41"]
[BlackClock "0:00:31"]
[Board "154"]

1. e4 c6 2. Nf3 d5 3. d3 dxe4 4. dxe4 Qxd1+ 5. Kxd1 f6 6. Ne1 e5 7. Bc4 Nd7 8. Nd3 Nc5 9. f3 Nxd3 10. cxd3 Bc5 11. Ke2 Ke7 12. Nd2 Be6 13. Nb3 Bb6 14. a4 a6 15. Be3 Bxe3 16. Kxe3 Nh6 17. Bxe6 Kxe6 18. Nc5+ Ke7 19. Nxb7 Rhb8 20. Nc5 Rxb2 21. Rhb1 Rab8 22. Rxb2 Rxb2 23. Nxa6 Rxg2 24. Nb4 f5 25. d4 exd4+ 26. Kxd4 Kd6 27. e5+ Kc7 28. a5 Rb2 29. Kc3 Rxh2 30. a6 Kb8 31. Nxc6+ Ka8 32. Rb1 1-0


[Site "https://www.chess.com"]

[Event "Titled Tuesday Blitz July 11 Early 2023"]
[White "Alimpic, Aleksa"]
[Black "ogpin"]
[WhiteFideId "974323"]
[WhiteElo "2309"]
[BlackElo "1975"]
[Result "0-1"]
[Round "10"]
[TimeControl "180+2"]
[Date "2023.07.11"]
[WhiteClock "0:00:19"]
[BlackClock "0:01:00"]
[Board "155"]

1. Nf3 Nf6 2. g3 e6 3. Bg2 d5 4. O-O Be7 5. b3 O-O 6. c4 d4 7. d3 c5 8. e3 Nc6 9. exd4 cxd4 10. Re1 Bb4 11. Bd2 Bd6 12. Ng5 a5 13. a3 Re8 14. Ne4 Nxe4 15. Bxe4 f5 16. Bg2 Qf6 17. f4 e5 18. Qh5 Bd7 19. Bxc6 bxc6 20. fxe5 Rxe5 21. Rxe5 Qxe5 22. Qf3 Re8 23. Bf4 Qe1+ 24. Qf1 Bxf4 25. gxf4 c5 26. Ra2 Bc6 27. Rf2 Qe3 28. Nd2 Re6 29. h3 Rg6+ 30. Kh2 Qg3# 0-1


[Site "https://www.chess.com"]

[Event "Titled Tuesday Blitz July 11 Early 2023"]
[White "Floresvillar Gonzalez, Luis Migu"]
[Black "Skiadopoulos, Nikolaos"]
[WhiteFideId "5100542"]
[BlackFideId "4200772"]
[WhiteElo "2081"]
[BlackElo "1916"]
[Result "1/2-1/2"]
[Round "10"]
[TimeControl "180+2"]
[Date "2023.07.11"]
[WhiteClock "0:00:14"]
[BlackClock "0:00:07"]
[Board "156"]

1. d4 Nf6 2. Bf4 e6 3. Nd2 d5 4. c3 Bd6 5. e3 Bxf4 6. exf4 O-O 7. Ngf3 c5 8. dxc5 Nbd7 9. b4 a5 10. a3 Ne4 11. Nxe4 dxe4 12. Ne5 axb4 13. axb4 Rxa1 14. Qxa1 Nf6 15. Be2 Nd5 16. g3 f6 17. Nc4 e5 18. fxe5 fxe5 19. O-O Bh3 20. Re1 Qf6 21. Rf1 Bxf1 22. Qxf1 Nxc3 23. Nd6 b6 24. Bc4+ Kh8 25. Qe1 bxc5 26. bxc5 Na4 27. Nxe4 Qc6 28. Qe3 Rc8 29. Nd6 Nxc5 30. Nxc8 Qxc8 31. Bf1 e4 32. h4 h6 33. Bg2 Qf5 34. Kh2 Kh7 35. Bh3 Qe5 36. Bg2 Qf5 37. Bh3 Qe5 38. Bg4 Nd3 39. Be2 Nc5 40. h5 Ne6 41. Bd3 Nc5 42. Bc2 Kg8 43. Bb3+ Kf8 44. Bc2 Qxh5+ 45. Kg2 Qe5 46. f4 Qd5 47. Kh3 Kg8 48. g4 Kh7 49. g5 Qf5+ 50. Kg3 Nd3 51. Bxd3 exd3 52. gxh6 Kxh6 53. Kf3 Qh3+ 54. Ke4 Qxe3+ 55. Kxe3 Kh5 56. Kxd3 Kg4 57. Ke4 g6 58. Ke5 Kf3 59. f5 gxf5 60. Kxf5 1/2-1/2


[Site "https://www.chess.com"]

[Event "Titled Tuesday Blitz July 11 Early 2023"]
[White "Vargas, Mauricio"]
[Black "neri_gaite"]
[WhiteFideId "4404572"]
[WhiteElo "1886"]
[BlackElo "2112"]
[Result "0-1"]
[Round "10"]
[TimeControl "180+2"]
[Date "2023.07.11"]
[WhiteClock "0:00:00"]
[BlackClock "0:00:25"]
[Board "158"]

1. e4 e5 2. Nf3 Nc6 3. d4 exd4 4. Bc4 Bc5 5. c3 Nf6 6. e5 d5 7. Bb5 Ne4 8. Nxd4 Bd7 9. Bxc6 bxc6 10. O-O O-O 11. Be3 Qe7 12. f3 Ng5 13. Qc1 Ne6 14. f4 f5 15. Kh1 Bb6 16. Nd2 c5 17. N4b3 d4 18. Bg1 Rfd8 19. c4 Bc6 20. a4 a5 21. Qe1 Nf8 22. Qg3 Ng6 23. Nc1 Qd7 24. Nd3 Bxa4 25. Nf3 Bc2 26. Ng5 Qe7 27. Qh3 h6 0-1


[Site "https://www.chess.com"]

[Event "Titled Tuesday Blitz July 11 Early 2023"]
[White "Oparin, Grigoriy"]
[Black "Nakamura, Hikaru"]
[WhiteFideId "24125890"]
[BlackFideId "2016192"]
[WhiteElo "2974"]
[BlackElo "3250"]
[Result "1-0"]
[Round "11"]
[TimeControl "180+2"]
[Date "2023.07.11"]
[WhiteClock "0:00:18"]
[BlackClock "0:00:18"]
[Board "1"]

1. d4 a6 2. e4 c6 3. Bd3 d5 4. e5 c5 5. c3 Nc6 6. Ne2 e6 7. O-O Nge7 8. a3 cxd4 9. cxd4 Nf5 10. Bxf5 exf5 11. Nbc3 Be6 12. Be3 Be7 13. Nf4 g5 14. Nxe6 fxe6 15. Qh5+ Kd7 16. Rac1 f4 17. Bd2 Qg8 18. Na4 Rf8 19. Bb4 Qg6 20. Qd1 f3 21. Bxe7 Kxe7 22. Qb3 Rb8 23. Qxf3 Rhf8 24. Qc3 Rf4 25. Rfd1 Qf5 26. Rd2 Rf8 27. Rf1 Qg4 28. h3 Qf5 29. Nc5 g4 30. Nxb7 Rc8 31. Nd6 Qf8 32. Nxc8+ Qxc8 33. Rc1 gxh3 34. Qxc6 1-0


[Site "https://www.chess.com"]

[Event "Titled Tuesday Blitz July 11 Early 2023"]
[White "Makarian, Rudik"]
[Black "Bok, Benjamin"]
[WhiteFideId "44105681"]
[BlackFideId "1017063"]
[WhiteElo "2964"]
[BlackElo "2993"]
[Result "1/2-1/2"]
[Round "11"]
[TimeControl "180+2"]
[Date "2023.07.11"]
[WhiteClock "0:00:03"]
[BlackClock "0:00:05"]
[Board "2"]

1. d4 Nf6 2. c4 e6 3. Nf3 b6 4. g3 Ba6 5. b3 Bb4+ 6. Bd2 Be7 7. Nc3 d5 8. Bg2 O-O 9. O-O Nbd7 10. Bf4 c6 11. Qc2 dxc4 12. Rfd1 Nd5 13. Bd2 cxb3 14. axb3 Bb7 15. e4 Nxc3 16. Bxc3 Qc7 17. h4 c5 18. d5 exd5 19. exd5 Bf6 20. d6 Qc6 21. Ne1 Qc8 22. Ra4 a5 23. Rf4 Bxc3 24. Qxc3 Bxg2 25. Nxg2 Nf6 26. Rxf6 gxf6 27. Nf4 Qg4 28. Rd5 f5 29. Qd3 Rfd8 30. Rxf5 Rxd6 31. Qe4 Qd1+ 32. Kh2 Rad8 33. Qe7 Qxb3 34. Rg5+ Kh8 35. Qe4 Qb2 36. Kg2 Qf6 37. Rh5 Qg7 38. Rg5 Qf6 39. Rh5 Qg7 40. Kh2 Rd2 41. Rg5 Qf6 42. Kh3 Rxf2 43. Rf5 Qg7 44. Rg5 Qf6 45. Rf5 Qg7 46. Qe7 Rg8 47. Rg5 Qf8 48. Qf6+ Rg7 49. h5 h6 50. Qxh6+ Kg8 51. Qf6 Rxg5 52. Qxg5+ Qg7 53. Qd8+ Kh7 54. Qd3+ Kh8 55. Qd8+ Kh7 56. Qd3+ Kh8 57. Qd8+ Kh7 1/2-1/2


[Site "https://www.chess.com"]

[Event "Titled Tuesday Blitz July 11 Early 2023"]
[White "Dubov, Daniil"]
[Black "Kollars, Dmitrij"]
[WhiteFideId "24126055"]
[BlackFideId "12909572"]
[WhiteElo "3082"]
[BlackElo "3011"]
[Result "1-0"]
[Round "11"]
[TimeControl "180+2"]
[Date "2023.07.11"]
[WhiteClock "0:00:04"]
[BlackClock "0:00:01"]
[Board "3"]

1. e4 e5 2. Nf3 Nc6 3. Nc3 Nf6 4. Bc4 Nxe4 5. O-O Nxc3 6. dxc3 f6 7. b4 d6 8. a4 Qe7 9. a5 Be6 10. Bd5 Bxd5 11. Qxd5 Nd8 12. a6 c6 13. axb7 Qxb7 14. Qb3 Be7 15. Be3 Nf7 16. Ra4 O-O 17. Rfa1 a6 18. Qa2 f5 19. Rxa6 Rxa6 20. Qxa6 Qd7 21. Nd2 f4 22. Bb6 Ng5 23. f3 h5 24. Qd3 Qe6 25. Bf2 d5 26. Re1 Bf6 27. c4 Re8 28. cxd5 cxd5 29. h4 Nf7 30. c4 dxc4 31. Qxc4 Qxc4 32. Nxc4 Rb8 33. Rb1 Rb5 34. Na3 Rb7 35. b5 Nd6 36. Bc5 Nc8 37. b6 Bd8 38. Nc4 Rb8 39. b7 Ne7 40. Bd6 1-0


[Site "https://www.chess.com"]

[Event "Titled Tuesday Blitz July 11 Early 2023"]
[White "Nihal Sarin"]
[Black "Deac, Bogdan-Daniel"]
[WhiteFideId "25092340"]
[BlackFideId "1226380"]
[WhiteElo "3049"]
[BlackElo "2991"]
[Result "1/2-1/2"]
[Round "11"]
[TimeControl "180+2"]
[Date "2023.07.11"]
[WhiteClock "0:00:05"]
[BlackClock "0:00:06"]
[Board "4"]

1. e4 c6 2. d3 d5 3. Nd2 Qc7 4. Ngf3 Bg4 5. Be2 e6 6. O-O Nd7 7. h3 Bh5 8. exd5 cxd5 9. c4 Ngf6 10. a3 a5 11. b3 Bd6 12. Bb2 O-O 13. Rc1 Qb8 14. d4 b6 15. Re1 Rc8 16. Ne5 Nxe5 17. dxe5 Bxe5 18. Bxe5 Qxe5 19. Bxh5 Qxh5 20. Qxh5 Nxh5 21. cxd5 exd5 22. Nf3 g6 23. Rxc8+ Rxc8 24. Re7 Rc3 25. Ng5 Rxb3 26. Nxf7 Kf8 27. Ra7 Rxa3 28. Ne5 Kg8 29. Nd7 b5 30. g4 Nf4 31. Nf6+ Kf8 32. Nxh7+ Ke8 33. Nf6+ Kd8 34. h4 a4 35. h5 gxh5 36. gxh5 Rh3 37. Rb7 a3 38. Rxb5 Rc3 39. Ra5 Kc7 40. h6 Kb6 41. h7 Ng6 42. Ra8 Kb7 43. Ra4 d4 44. Kg2 d3 45. Ne4 Rc7 46. Rxa3 Rxh7 47. Kf3 Ne5+ 48. Kf4 Re7 49. Nc5+ Kc6 50. Nxd3 Nc4 51. Ra6+ Kd5 52. Rh6 Rf7+ 53. Kg3 Nd6 54. Nf4+ Kc5 55. Kg4 Rg7+ 56. Kf3 Rf7 57. Kg4 Rg7+ 58. Kh3 Rf7 59. Ne6+ Kd5 60. f4 Nf5 61. Rg6 Ne7 62. Rh6 Nf5 63. Rg6 Ne7 64. Nc7+ Ke4 65. Re6+ Kxf4 66. Rxe7 Rxe7 67. Nd5+ Ke5 68. Nxe7 1/2-1/2


[Site "https://www.chess.com"]

[Event "Titled Tuesday Blitz July 11 Early 2023"]
[White "Pranav, V"]
[Black "Bluebaum, Matthias"]
[WhiteFideId "25060783"]
[BlackFideId "24651516"]
[WhiteElo "2960"]
[BlackElo "3046"]
[Result "0-1"]
[Round "11"]
[TimeControl "180+2"]
[Date "2023.07.11"]
[WhiteClock "0:00:00"]
[BlackClock "0:00:35"]
[Board "5"]

1. e4 e6 2. d3 d5 3. Nd2 Nf6 4. Ngf3 Be7 5. g3 a5 6. a4 c5 7. Bg2 Nc6 8. O-O h6 9. Re1 O-O 10. e5 Nh7 11. h4 f5 12. Nf1 g5 13. c3 Bd7 14. N3h2 Be8 15. hxg5 hxg5 16. f4 Bg6 17. Ne3 gxf4 18. gxf4 Bh4 19. Rf1 Bg3 20. Bd2 Qh4 21. Nf3 Qh6 22. d4 cxd4 23. cxd4 Nxd4 24. Bc1 Nc6 25. Nc2 Bh5 26. Ra3 Bg4 27. Qd2 Rac8 28. Rd1 Rf7 29. Nce1 Rg7 30. Ng5 Qh2+ 31. Kf1 Nxg5 32. fxg5 Bxd1 33. Qxd1 Nxe5 34. Bd2 Nc4 35. Nf3 Qh5 36. Rc3 Rgc7 37. Bc1 Ne5 38. Rxc7 Rxc7 39. Bd2 Nxf3 40. Bxf3 Qh4 41. Qe2 Re7 42. Kg1 Bf4 43. Bxf4 Qxf4 44. Bxd5 Qd4+ 0-1


[Site "https://www.chess.com"]

[Event "Titled Tuesday Blitz July 11 Early 2023"]
[White "Narayanan.S.L"]
[Black "Gorovets, Andrey"]
[WhiteFideId "5058422"]
[BlackFideId "13504037"]
[WhiteElo "3040"]
[BlackElo "2791"]
[Result "1-0"]
[Round "11"]
[TimeControl "180+2"]
[Date "2023.07.11"]
[WhiteClock "0:01:32"]
[BlackClock "0:00:00"]
[Board "6"]

1. d4 Nf6 2. Nc3 d5 3. Bf4 a6 4. e3 b5 5. a3 e6 6. Nf3 c5 7. dxc5 Bxc5 8. Bd3 Bb7 9. Qe2 O-O 10. O-O Ne4 11. Bxe4 dxe4 12. Ng5 e5 13. Ngxe4 exf4 14. Nxc5 Bxg2 15. Kxg2 Qg5+ 16. Kh1 Qxc5 17. exf4 Nd7 18. Rad1 Nf6 19. Qf3 Rfe8 20. Rfe1 h5 21. Re5 Qa7 22. h3 Red8 23. Rg1 Rd2 24. Qg3 Qb7+ 25. Rg2 g6 26. f5 Kh8 27. fxg6 Rg8 28. g7+ Kh7 29. Kh2 Qc7 30. Qf4 Qd6 31. Ne4 Nxe4 32. Qf5+ 1-0


[Site "https://www.chess.com"]

[Event "Titled Tuesday Blitz July 11 Early 2023"]
[White "Tang, Andrew"]
[Black "Chigaev, Maksim"]
[WhiteFideId "2059630"]
[BlackFideId "4108116"]
[WhiteElo "2929"]
[BlackElo "2939"]
[Result "0-1"]
[Round "11"]
[TimeControl "180+2"]
[Date "2023.07.11"]
[WhiteClock "0:00:02"]
[BlackClock "0:00:06"]
[Board "7"]

1. d4 Nf6 2. c4 e6 3. Nc3 d5 4. cxd5 exd5 5. Bg5 c6 6. Qc2 h6 7. Bh4 Be7 8. e3 O-O 9. Bd3 Re8 10. Nge2 Ne4 11. Bxe7 Qxe7 12. Bxe4 dxe4 13. O-O Nd7 14. d5 Nf6 15. dxc6 bxc6 16. Rfd1 Qe5 17. Qa4 Bg4 18. Rd2 Rad8 19. Rad1 Rd3 20. h3 Bxe2 21. Nxe2 c5 22. Rxd3 exd3 23. Nc3 Rb8 24. Rd2 Rxb2 25. Rxb2 Qxc3 26. Rb8+ Kh7 27. Qd1 c4 28. Rb1 d2 29. Qe2 Qc1+ 30. Qf1 Qxf1+ 31. Kxf1 c3 32. Ke2 c2 33. Rd1 0-1


[Site "https://www.chess.com"]

[Event "Titled Tuesday Blitz July 11 Early 2023"]
[White "Turski, Bartlomiej"]
[Black "Aravindh, Chithambaram VR."]
[WhiteFideId "21810567"]
[BlackFideId "5072786"]
[WhiteElo "2896"]
[BlackElo "2939"]
[Result "0-1"]
[Round "11"]
[TimeControl "180+2"]
[Date "2023.07.11"]
[WhiteClock "0:00:03"]
[BlackClock "0:00:05"]
[Board "8"]

1. e4 c6 2. d4 d5 3. Nc3 dxe4 4. Nxe4 Nf6 5. Nxf6+ exf6 6. c3 Bd6 7. Bd3 O-O 8. Qc2 Re8+ 9. Ne2 h5 10. O-O h4 11. Nf4 Qc7 12. g3 Nd7 13. Qd1 Nf8 14. Qh5 g6 15. Nxg6 fxg6 16. Bxg6 Re7 17. Bh6 Be6 18. Rae1 hxg3 19. fxg3 Bc4 20. Rxe7 Qxe7 21. Rc1 Qe2 22. Bf7+ Kh7 23. Qh4 Bxf7 24. Qxf6 Ne6 25. Qxf7+ Kxh6 26. Rf1 Qe3+ 27. Kh1 Qe4+ 28. Kg1 Rf8 29. Rf6+ Kg5 30. Rxe6 Qb1+ 0-1


[Site "https://www.chess.com"]

[Event "Titled Tuesday Blitz July 11 Early 2023"]
[White "Molina, Roberto Junio Brito"]
[Black "Zakhartsov, Vladimir"]
[WhiteFideId "2109450"]
[BlackFideId "4145097"]
[WhiteElo "2849"]
[BlackElo "2927"]
[Result "0-1"]
[Round "11"]
[TimeControl "180+2"]
[Date "2023.07.11"]
[WhiteClock "0:00:21"]
[BlackClock "0:00:13"]
[Board "9"]

1. d4 Nf6 2. c4 e6 3. Nf3 d5 4. Nc3 c6 5. Bg5 h6 6. Bh4 Be7 7. e3 Nbd7 8. Bd3 dxc4 9. Bxc4 b5 10. Be2 Bb7 11. a4 b4 12. Nb1 O-O 13. O-O c5 14. Nbd2 cxd4 15. exd4 a5 16. Bb5 Nd5 17. Bg3 Rc8 18. Rc1 N7b6 19. Qe2 Rxc1 20. Rxc1 Qa8 21. Ne5 Rc8 22. Qd1 Nf6 23. f3 Nbd5 24. Bf2 Bd8 25. Nb3 Rxc1 26. Qxc1 Qc8 27. Qxc8 Bxc8 28. Nc6 Bb6 29. Ncxa5 Kf8 30. Nc4 Ba7 31. Nc5 Ke7 32. g3 Ne8 33. Kf1 f6 34. Ke2 Nd6 35. Nxd6 Kxd6 36. Kd3 Bb6 37. Nb3 Bb7 38. Bc4 Nc7 39. f4 Bg2 40. Kd2 Nd5 41. a5 Ba7 42. Nc5 g5 43. fxg5 hxg5 44. h4 gxh4 45. gxh4 Bf3 46. Be2 Bxe2 47. Kxe2 Nf4+ 48. Kf3 Nh5 49. Kg4 Ng7 50. h5 Nf5 51. Ne4+ Ke7 52. Ng3 Nxd4 53. a6 f5+ 54. Kh3 Kf6 55. Ne2 Nc6 56. Bh4+ Kf7 57. Nf4 Bd4 58. b3 Nb8 59. Nd3 Nxa6 60. Be1 Bc3 61. Bf2 Nc7 62. Bc5 Nd5 63. Kg3 Kf6 64. h6 Kg6 65. Bf8 e5 66. Bd6 e4 67. Nf4+ Nxf4 68. Bxf4 Bd4 69. Kg2 Bc5 70. Kg3 Bf8 71. Bd2 Bxh6 72. Bxb4 f4+ 73. Kg4 f3 74. Be1 Be3 75. b4 Kf6 76. Bg3 Ke6 77. Kh3 Kd5 78. Kg4 f2 79. Bxf2 Bxf2 80. Kf4 Bb6 0-1


[Site "https://www.chess.com"]

[Event "Titled Tuesday Blitz July 11 Early 2023"]
[White "Vokhidov, Shamsiddin"]
[Black "Bachmann, Axel"]
[WhiteFideId "14204223"]
[BlackFideId "3700488"]
[WhiteElo "2925"]
[BlackElo "2804"]
[Result "1-0"]
[Round "11"]
[TimeControl "180+2"]
[Date "2023.07.11"]
[WhiteClock "0:00:56"]
[BlackClock "0:00:49"]
[Board "10"]

1. e4 g6 2. d4 Bg7 3. Nf3 d6 4. Bc4 e6 5. c3 Ne7 6. Qe2 a6 7. Bd3 b6 8. Nbd2 Bb7 9. Nf1 h6 10. Ng3 Nd7 11. O-O c5 12. Be3 Nf6 13. h3 Qc7 14. Bf4 g5 15. Bxd6 Qxd6 16. e5 Qc7 17. exf6 Bxf6 18. Nh5 Nd5 19. Be4 Be7 20. Ne5 Bd6 21. Bxd5 Bxd5 22. Nf6+ Kf8 23. Nxd5 exd5 24. Rfe1 Re8 25. Qxa6 Kg7 26. Ng4 Bh2+ 27. Nxh2 1-0


[Site "https://www.chess.com"]